 Dungeon Crawl Stone Soup version 0.21.1-1-g345015f (webtiles) character file.

6963 Lilu the Destroyer (level 10, -7/63 HPs)
             Began as a Deep Elf Conjurer on July 25, 2018.
             Was a Believer of Vehumet.
             Mangled by a vampire (11 damage)
             ... on level 10 of the Dungeon.
             The game lasted 01:07:38 (14734 turns).

Lilu the Destroyer (Deep Elf Conjurer)             Turns: 14734, Time: 01:07:39

Health: -7/63      AC:  5    Str: 14    XL:     10   Next: 81%
Magic:  9/26       EV: 13    Int: 25    God:    Vehumet [**....]
Gold:   493        SH:  0    Dex: 15    Spells: 18/30 levels left

rFire    + . .     SeeInvis .   D - +1 trident "Vitip" {flame, rPois MR- Str+7} (curse)
rCold    . . .     Gourm    .   (no shield)
rNeg     . . .     Faith    .   a - +0 robe
rPois    +         Spirit   .   s - +0 helmet
rElec    .         Reflect  .   I - +0 cloak
rCorr    .         Harm     .   (no gloves)
MR       .....                  h - +0 pair of boots
Stlth    ++........             (no amulet)
HPRegen  0.20/turn              j - ring of protection from fire
MPRegen  0.20/turn              U - +3 ring of intelligence

@: drained
A: no striking features
a: Renounce Religion


You were on level 10 of the Dungeon.
You worshipped Vehumet.
Vehumet was pleased with you.
You were not hungry.

You visited 3 branches of the dungeon, and saw 12 of its levels.

You collected 493 gold pieces.

Inventory:

Hand Weapons
 f - a +0 spear
 D - the cursed +1 trident "Vitip" (weapon) {flame, rPois MR- Str+7}
   (You found it on level 5 of the Dungeon)

   It has been specially enchanted to burn those struck by it, causing extra
   injury to most foes and up to half again as much damage against particularly
   susceptible opponents.
   It affects your strength (+7).
   It protects you from poison.
   It affects your resistance to hostile enchantments.
   It has a curse placed upon it.
 H - a cursed -1 mace
Missiles
 t - 292 stones (quivered)
Armour
 a - a +0 robe (worn)
 h - a +0 pair of boots (worn)
 n - a cursed -1 shield
 s - a +0 helmet (worn)
 I - a +0 cloak (worn)
Jewellery
 j - a ring of protection from fire (left hand)
 k - an uncursed ring of wizardry
 o - an uncursed ring of poison resistance
 O - an uncursed ring of protection from magic
 U - a +3 ring of intelligence (right hand)
Wands
 u - a wand of random effects (24)
 x - a wand of disintegration (9)
 E - a wand of acid (8)
 G - a wand of iceblast (10)
 L - a wand of clouds (6)
 N - a wand of enslavement (11)
Scrolls
 d - a scroll of enchant armour {unknown}
 g - 7 scrolls of identify {unknown}
 i - a scroll of blinking {unknown}
 m - 10 scrolls of remove curse {unknown}
 v - 3 scrolls of fear {unknown}
 w - 4 scrolls of teleportation {unknown}
 y - 3 scrolls of enchant weapon {unknown}
 B - a scroll of amnesia {unknown}
 C - 3 scrolls of magic mapping {unknown}
 K - a scroll of fog {unknown}
 Q - a scroll of holy word {unknown}
 R - a scroll of immolation {unknown}
 W - a scroll of noise {unknown}
 X - a scroll of random uselessness {unknown}
Potions
 e - 2 potions of agility {unknown}
 l - a potion of experience {unknown}
 p - 3 potions of lignification {unknown}
 q - a potion of might {unknown}
 r - 4 potions of curing {unknown}
 z - a potion of cancellation {unknown}
 A - 3 potions of brilliance {unknown}
 F - 3 potions of flight {unknown}
 J - 3 potions of mutation {unknown}
 M - 2 potions of invisibility {unknown}
 P - a potion of heal wounds {unknown}
 S - a potion of ambrosia {unknown}
 T - 3 potions of haste {unknown}
Books
 b - a book of Conjurations

   Spells                             Type                      Level
   a - Magic Dart                     Conjuration                  1
   b - Searing Ray                    Conjuration                  2
   c - Dazzling Spray                 Conjuration/Hexes            3
   d - Fulminant Prism                Conjuration/Hexes            4
   e - Force Lance                    Conjuration/Translocation    4
   f - Iskenderun's Mystic Blast      Conjuration                  4
Comestibles
 c - 14 rations


   Skills:
 - Level 7.1(6.9) Fighting
 * Level 2.4(2.3) Dodging
 - Level 2.4(2.3) Stealth
 + Level 10.8(10.7) Spellcasting
 - Level 12.2(12.1) Conjurations
 - Level 1.0(0.9) Translocations
 - Level 4.9(4.8) Fire Magic


You had 18 spell levels left.
You knew the following spells:

 Your Spells              Type           Power        Failure   Level  Hunger
a - Magic Dart            Conj           ####         1%          1    None
b - Searing Ray           Conj           ######       1%          2    None
c - Iskenderun's Mystic   Conj           ######..     1%          4    None
d - Force Lance           Conj/Tloc      #####...     3%          4    None
e - Flame Tongue          Conj/Fire      #####        1%          1    None


Dungeon Overview and Level Annotations

Branches:
Dungeon (10/15)            Temple (1/1) D:6            Lair (1/6) D:8
    Orc: D:9-12

Altars:
Dithmenos
Fedhas
Gozag
Hepliaklqana
Kikubaaqudgha
Makhleb
Nemelex Xobeh
Okawaru
Qazlal
Ru
Sif Muna
Trog
Uskayaw
Vehumet
Xom
Yredelemnul
Zin

Shops:
D:6 }

Annotations:
D:9 aaksess's ghost, novice GnSk


Message History

Something bites you.
* * * LOW HITPOINT WARNING * * *
Something draws strength from your injuries!
You bump into the rock wall.
Something hits you but does no damage. Something bites you but does no damage.
You feel less confused.
Casting: Iskenderun's Mystic Blast
Confirm with . or Enter, or press ? or * to list all spells.
Aiming: Iskenderun's Mystic Blast
Press: ? - help, Shift-Dir - straight line Something completely misses you.
Something bites you.
* * * LOW HITPOINT WARNING * * *
Something draws strength from your injuries!
Casting: Iskenderun's Mystic Blast
Confirm with . or Enter, or press ? or * to list all spells.
Aiming: Iskenderun's Mystic Blast
Press: ? - help, Shift-Dir - straight line The orb of energy hits something.
The orb of energy explodes!
Something hits you!
You die...

#### #.. #.# #@#
#>#
##############.#
#..............#
#.############.#
#.# #... #.#
....# #.# #.#.#
#.# #.#.#


There were no monsters in sight!

Vanquished Creatures
  2 two-headed ogres (D:9)
  The ghost of Rwicked the Magician, a novice GnFE of Vehumet (D:6)
  A merfolk (D:9)
  A wraith (D:10)
  Eustachio (D:5)
  A wyvern (D:10)
  2 hungry ghosts
  Menkaure (D:4)
  3 orc warriors
  3 ice beasts
  3 sky beasts
  2 ogres
  The ghost of Ymberto the Skirmisher, an amateur HuHu (D:3)
  4 centaurs
  3 big kobolds
  Blork the orc (D:6)
  4 bullfrogs
  A gnoll sergeant (D:9)
  A wyvern skeleton (D:7)
  2 scorpions
  7 wights
  9 killer bees
  2 howler monkeys
  3 crimson imps
  2 orc priests
  5 hounds
  3 bullfrog skeletons
  Jessica (D:2)
  2 iguanas (D:10)
  7 orc wizards
  10 worker ants
  Robin (D:1)
  A worker ant zombie (D:5)
  7 gnolls
  8 adders
  2 shadow imps
  2 oozes
  An adder zombie (D:9)
  4 worms
  2 dart slugs
  7 leopard geckos
  26 orcs
  5 bats
  4 giant cockroaches
  17 hobgoblins
  4 jackals (D:6)
  17 kobolds
  3 quokkas
  4 frilled lizards
  14 goblins
  A jackal skeleton (D:6)
  A jackal zombie (D:7)
  A leopard gecko skeleton (D:6)
  2 leopard gecko zombies
  A quokka skeleton (D:4)
  10 rats
234 creatures vanquished.

Vanquished Creatures (others)
  A wizard (D:9)
1 creature vanquished.

Grand Total: 235 creatures vanquished

Notes
Turn   | Place    | Note
-------+----------+-------------------------------------------
     0 | D:1      | Lilu the Deep Elf Conjurer began the quest for the Orb.
     0 | D:1      | Reached XP level 1. HP: 10/10 MP: 6/6
   151 | D:1      | Reached XP level 2. HP: 14/15 MP: 2/8
   165 | D:1      | Reached skill level 5 in Conjurations
   376 | D:1      | Learned a level 2 spell: Searing Ray
   932 | D:2      | Reached XP level 3. HP: 19/19 MP: 6/9
  1112 | D:2      | Noticed Robin
  1170 | D:2      | Reached skill level 6 in Conjurations
  1204 | D:1      | Killed Robin
  1367 | D:2      | Reached XP level 4. HP: 24/24 MP: 6/10
  1381 | D:2      | Learned a level 4 spell: Iskenderun's Mystic Blast
  1921 | D:2      | Noticed Jessica
  1925 | D:2      | Killed Jessica
  2312 | D:3      | Reached skill level 7 in Conjurations
  2320 | D:3      | Reached XP level 5. HP: 28/28 MP: 5/11
  2357 | D:3      | Noticed Ymberto's ghost (amateur HuHu)
  2456 | D:3      | Found an iron altar of Okawaru.
  3442 | D:4      | Reached skill level 8 in Conjurations
  3513 | D:4      | Noticed an ogre
  3696 | D:4      | Reached XP level 6. HP: 32/32 MP: 8/12
  3891 | D:4      | Noticed Menkaure
  4538 | D:5      | Entered Level 5 of the Dungeon
  4666 | D:5      | Got a smoking trident
  4684 | D:5      | Identified the cursed +1 trident "Vitip" {flame, rPois MR- Str+7} (You found it on level 5 of the Dungeon)
  5113 | D:4      | Killed Menkaure
  5113 | D:4      | Reached skill level 9 in Conjurations
  5113 | D:4      | Reached XP level 7. HP: 19/36 MP: 4/13
  5546 | D:5      | Noticed Eustachio
  5769 | D:3      | Killed Ymberto's ghost
  6082 | D:5      | Reached skill level 5 in Spellcasting
  6082 | D:5      | Reached skill level 10 in Conjurations
  6233 | D:5      | Found an ancient bone altar of Kikubaaqudgha.
  6275 | D:5      | Killed Eustachio
  6275 | D:5      | Reached skill level 1 in Fighting
  6275 | D:5      | Reached XP level 8. HP: 38/43 MP: 0/18
  7041 | D:6      | Noticed Rwicked's ghost (novice GnFE)
  7756 | D:6      | Noticed Blork the orc
  7759 | D:6      | Killed Blork the orc
  8096 | D:6      | Reached skill level 5 in Fighting
  8393 | D:6      | Found Kiom's Gadget Shop.
  8545 | D:6      | Learned a level 4 spell: Force Lance
  8644 | D:6      | Killed Rwicked's ghost
  8644 | D:6      | Reached XP level 9. HP: 21/56 MP: 0/20
  8784 | D:6      | You fall through a shaft for 3 floors!
  8796 | D:9      | Noticed a two-headed ogre
  9270 | D:6      | Found a staircase to the Ecumenical Temple.
  9279 | Temple   | Entered the Ecumenical Temple
  9363 | Temple   | Became a worshipper of Vehumet
 10544 | D:8      | Found a staircase to the Lair.
 10656 | D:8      | Reached skill level 11 in Conjurations
 11952 | Lair:1   | Entered Level 1 of the Lair of Beasts
 11952 | Lair:1   | Noticed a spiny frog
 12000 | D:9      | Reached skill level 12 in Conjurations
 12003 | D:9      | Reached * piety under Vehumet
 12003 | D:9      | Offered knowledge of Flame Tongue by Vehumet.
 12013 | D:8      | Learned a level 1 spell: Flame Tongue
 12118 | D:8      | Reached XP level 10. HP: 29/63 MP: 8/21
 12320 | D:9      | Reached skill level 1 in Translocations
 12320 | D:9      | Reached skill level 1 in Fire Magic
 12747 | D:9      | Noticed aaksess's ghost (novice GnSk)
 13018 | D:9      | Noticed a two-headed ogre
 13050 | D:9      | Killed a two-headed ogre
 13421 | D:9      | Found a bloodstained altar of Trog.
 13422 | D:9      | Noticed a wizard
 13427 | D:9      | Killed a wizard
 13712 | D:10     | Entered Level 10 of the Dungeon
 13978 | D:9      | Killed a two-headed ogre
 13978 | D:9      | Reached skill level 10 in Spellcasting
 14509 | D:10     | Reached ** piety under Vehumet
 14514 | D:10     | Offered knowledge of Throw Frost by Vehumet.
 14733 | D:10     | HP: 3/63 [something (1)]
 14734 | D:10     | Mangled by a vampire

Skill      XL: |  1  2  3  4  5  6  7  8  9 10 |
---------------+-------------------------------+-----
Conjurations   | 5 6 7 8 9 10 12 | 12.2
Spellcasting   | 5 6 10 | 10.8
Fighting       | 1 6 7 |  7.1
Translocations | 1 |  1.0
Fire Magic     | 4 |  4.9
Dodging        | |  2.4
Stealth        | |  2.4

Action                   |  1- 3 |  4- 6 |  7- 9 | 10-12 || total
-------------------------+-------+-------+-------+-------++-------
Melee: Unarmed           |     9 |       |       |       ||     9
       Spear             |     2 |     6 |       |       ||     8
       Trident           |       |       |    47 |    33 ||    80
Throw: Stone             |       |     1 |       |       ||     1
 Cast: Magic Dart        |    71 |   118 |    93 |    35 ||   317
       Searing Ray       |     2 |    11 |    30 |    11 ||    54
       Iskenderun's Myst |       |    11 |    68 |    60 ||   139
 Stab: Sleeping          |       |     1 |       |       ||     1
  Eat: Chunk             |     1 |     7 |    13 |     8 ||    29
       Ration            |       |     2 |     5 |     1 ||     8
Armor: Robe              |     1 |     1 |    13 |    15 ||    30
Dodge: Dodged            |     9 |    20 |    71 |    41 ||   141
